 Dungeon Crawl Stone Soup version 0.30-a0-170-g85af917532 (webtiles) character file.

Game seed: 13869869189676543562

249389 Decritt the Slayer (level 20, -4/164 (166) HPs)
             Began as a Djinni Conjurer on Sept 30, 2022.
             Was the Champion of Makhleb.
             Collided with a deep elf knight (15 damage)
             ... caused by a deep elf knight
             ... on level 2 of the Elven Halls on Oct 1, 2022.
             The game lasted 03:48:56 (47548 turns).

Decritt the Slayer (Djinni Conjurer)               Turns: 47548, Time: 03:48:57

HP:   -4/164 (166)  AC: 21    Str:  6    XL:     20   Next: 38%
Gold: 1336          EV: 23    Int: 34    God:    Makhleb [******] SH:  7 Dex: 13

rFire   + + +      SeeInvis .    Q - +3 Elemental Staff {rElec rF++ rC++ AC+5}
rCold   + . .      Faith    .    z - +1 buckler of Moral Flaws {Will+}
rNeg    . . .      Spirit   .    O - +4 troll leather armour
rPois   ∞          Reflect  .    u - +2 hat
rElec   +          Harm     .    f - +2 cloak
rCorr   .          Rampage  .    A - +0 pair of gloves
Will    +++..                    (boots unavailable)
Stlth   ++........               y - amulet of regeneration
HPRegen 1.97/turn                k - +4 ring of evasion
MPRegen 0.00/turn                g - +6 ring of intelligence

@: about to teleport, flying, studying 2 skills, lightly drained
A: sickness immunity, fire resistance 2, cold vulnerability 1, float, innate
caster, HP casting, extra vitality 1
}: 2/15 runes: decaying, serpentine
a: Renounce Religion, Minor Destruction, Lesser Servant of Makhleb, Major
Destruction, Greater Servant of Makhleb


You were on level 2 of the Elven Halls.
You worshipped Makhleb.
Makhleb was exalted by your worship.
You visited 6 branches of the dungeon, and saw 32 of its levels.
You also visited: Ossuary and Ice Cave.

You collected 3239 gold pieces.
You spent 1903 gold pieces at shops.

Inventory:

Hand Weapons
 Q - the +3 Elemental Staff (weapon) {rElec rF++ rC++ AC+5}
   (You found it on level 3 of the Lair of Beasts)

   If the wielder is skilled in Evocations, they can discharge powerful blasts
   of elemental energy when striking with it.
   It enhances your fire, ice, earth and air magic.
   AC:        It affects your AC (+5).
   rF:        It greatly protects you from fire.
   rC:        It greatly protects you from cold.
   rElec:     It insulates you from electricity.
Missiles
 J - 6 throwing nets
Armour
 c - a scarf of resistance
 f - a +2 cloak (worn)
 r - a +1 tower shield of positive energy
 u - a +2 hat (worn)
 z - the +1 buckler of Moral Flaws (worn) {Will+}
   (You acquired it on level 5 of the Dungeon)

   Will:      It increases your willpower.
 A - a +0 pair of gloves (worn)
 F - the +3 leather armour of the Orb {-Tele rC+++ Str+6 Dex+4}
   (You found it on level 3 of the Snake Pit)

   Str:       It affects your strength (+6).
   Dex:       It affects your dexterity (+4).
   rC:        It renders you almost immune to cold.
   -Tele:     It prevents most forms of teleportation.
 O - a +4 troll leather armour (worn)
Jewellery
 b - a ring of see invisible
 g - a +6 ring of intelligence (right hand)
 k - a +4 ring of evasion (left hand)
 n - a +4 ring of protection
 y - an amulet of regeneration (around neck)
 H - a +6 ring of dexterity
 R - an amulet of reflection
Wands
 d - a wand of iceblast (4)
 m - a wand of polymorph (8)
 o - a wand of quicksilver (2)
 t - a wand of flame (8)
 L - a wand of digging (30)
Scrolls
 a - 7 scrolls of fear
 e - 3 scrolls of silence
 h - a scroll of torment
 w - 6 scrolls of poison
 x - 8 scrolls of fog
 C - 8 scrolls of teleportation
 D - 6 scrolls of blinking
 E - a scroll of summoning
 G - a scroll of brand weapon
 I - 5 scrolls of magic mapping
 M - 8 scrolls of immolation
Potions
 i - 12 potions of curing
 j - 5 potions of brilliance
 l - 3 potions of resistance
 p - 3 potions of mutation
 q - 8 potions of cancellation
 s - 6 potions of haste
 v - 2 potions of heal wounds
 B - 5 potions of ambrosia
 T - 3 potions of lignification


   Skills:
 * Level 21.1 Fighting
 - Level 10.1 Armour
 + Level 18.2 Dodging
 - Level 1.5 Stealth
 + Level 7.6 Shields
 * Level 14.4 Spellcasting
 + Level 10.2 Invocations


You couldn't memorise any spells.
You knew the following spells:

 Your Spells              Type           Power      Damage    Failure   Level
a - Haunt                 Necr/Summ      44%        N/A       7%          7
b - Searing Ray           Conj           100%       2d8       0%          2
c - Conjure Ball Lightni  Conj/Air       55%        3x3d20    1%          6
d - Fulminant Prism       Conj/Hex       44%        3d20      1%          4
e - Spellforged Servitor  Conj/Summ      44%        N/A       7%          7
f - Beastly Appendage     Tmut           100%       N/A       0%          1
g - Ensorcelled Hibernat  Hex/Ice        100%       N/A       0%          2
h - Magic Dart            Conj           100%       1d8       0%          1
i - Ozocubu's Armour      Ice            100%       N/A       1%          3
j - Summon Ice Beast      Ice/Summ       100%       N/A       1%          4
k - Blade Hands           Tmut           44%        N/A       1%          5
l - Dazzling Flash        Conj/Hex       100%       N/A       1%          3
m - Iskenderun's Mystic   Conj/Tloc      89%        2d17      1%          4
n - Kindle Blastsparks    Fire/Tloc/Air  100%       2d18      1%          3
Your spell library was empty.

Dungeon Overview and Level Annotations

Branches:
Dungeon (15/15)            Temple (0/1) D:7            Lair (5/5) D:9
  Swamp (4/4) Lair:2        Snake (4/4) Lair:3        Slime (0/5) Lair:4
    Orc (2/2) D:9             Elf (2/3) Orc:2        Vaults (0/5) D:13
 Depths (0/4) D:15        Ossuary (visited)           IceCv (visited)

Altars:
Gozag
Makhleb
Trog
Wu Jian
Jiyva

Shops:
D:2 ?   D:9 [?![:   Orc:2 =[([*   Elf:2 =   Snake:3 :

Annotations:
D:7 2 transporters, Stonecrops's ghost, novice GrGl
D:8 3 runed translucent doors, Voker57's ghost, novice DsGl
D:11 2 transporters


Innate Abilities, Weirdness & Mutations

You are immune to sickness and miasma.
You are immune to poison.
Your flesh is very heat resistant. (rF++)
You are vulnerable to cold. (rC-)
You float through the air rather than walking.
You learn spells naturally, not from books.
Your magical power is your life essence.
You have superior vitality. (+4 MHP)


Message History

The +2 short sword of venom completely resists.
The bolt of lightning misses you.
The deep elf zephyrmancer gestures at you while chanting.
The bolt of lightning hits the +2 short sword of venom.
The +2 short sword of venom completely resists.
The bolt of lightning misses you. The +2 short sword of venom hits you!
* * * LOW HITPOINT WARNING * * *
The +2 short sword of venom attacks as you move away!
You block the +2 short sword of venom's attack.
Your surroundings suddenly seem different.
As you read the scroll of teleportation, it crumbles to dust.
You feel strangely unstable.
The deep elf zephyrmancer gestures at you while chanting.
The bolt of lightning misses you.
A shard of ice appears from out of thin air!
The shard of ice hits you! You partially resist.
* * * LOW HITPOINT WARNING * * *
You block the +2 dire flail of protection's attack.
The +2 short sword of venom completely misses you.
Your surroundings suddenly seem different.
As you read the scroll of teleportation, it crumbles to dust.
You feel strangely unstable.
The deep elf knight unwields a +0 scimitar.
The deep elf knight wields a +0 shortbow.
The deep elf knight shoots an arrow.
The arrow hits you!
* * * LOW HITPOINT WARNING * * *
Something hits you.
* * * LOW HITPOINT WARNING * * *
You feel better. Something hits you.
* * * LOW HITPOINT WARNING * * *
You feel better. Something hits you!
* * * LOW HITPOINT WARNING * * *
You block the +5 lajatang of draining's attack.
You hear some strange, mumbled words.
A lance of force appears from out of thin air!
The lance of force hits you!!
* * * LOW HITPOINT WARNING * * *
You are knocked back by the lance of force.
You collide with something!
You die...

#..#...........#
....#.(.......#....#.
.....#.......#......#
.......#.....#.......e
.........#...#.......e.
..........###............#
.........(# #.(...{......#
..........###.......e....#
.........#(..#.@........#
........#..e..#(.......#
#......#......(#.e....#
....#.........#....#(
#..#...........#..#..
.##.............##.(...#
#............. .....#
.#...........# .....
...#.........# ...


You could see a deep elf knight, a deep elf pyromancer, 3 deep elf zephyrmancers
and 5 dancing weapons.

Vanquished Creatures
  A tentacled monstrosity (Swamp:4)
  A lich (IceCv)
  Gastronok (D:11)
  A fenstrider witch (Swamp:4)
  Louise (D:15)
  Aizul (Swamp:4)
  An orc warlord (Orc:2)
  A stone giant (D:15)
  3 eleionomae
  5 bunyips
  An ettin (Orc:2)
  Josephine (Lair:5)
  A fire dragon (Lair:5)
  2 shambling mangroves
  Harold (Lair:2)
  Fannar (D:11)
  The ghost of Olga the Nimble, a journeyman FeSu of Hepliaklqana (D:12)
  21 hydras
  A vault guard (D:13)
  A ghost crab (Swamp:3)
  3 anacondas
  4 ogre magi
  2 salamander tyrants (Snake:4)
  A jorogumo (shapeshifter) (D:13)
  3 catoblepae
  9 alligators
  2 boulder beetles
  7 naga warriors
  16 two-headed ogres
  6 centaur warriors
  9 death yaks
  4 tengu warriors (D:15)
  10 naga sharpshooters
  3 orc high priests (Orc:2)
  3 shock serpents
  8 spriggans
  A salamander mystic (Snake:2)
  A skeletal warrior (D:13)
  3 goliath frogs
  5 spriggan druids
  3 sea snakes (Snake:4)
  3 naga ritualists
  An orb spider (shapeshifter) (D:13)
  An obsidian statue (IceCv)
  12 bog bodies
  9 swamp dragons
  2 deep elf archers
  4 lindwurms
  A necromancer (IceCv)
  A wizard (D:15)
  A wolf spider (Lair:5)
  5 deep elf zephyrmancers
  3 deep elf pyromancers
  5 orc knights
  2 mana vipers
  5 manticores
  2 will-o-the-wisps
  5 salamanders
  6 orc sorcerers
  13 ugly things
  Joseph (D:8)
  2 cyclopes
  9 elephants
  6 guardian serpents
  16 black mambas
  12 naga magi
  A gargoyle (D:12)
  A torpor snail (Lair:4)
  15 cane toads
  A guardian serpent (shapeshifter) (D:13)
  5 rime drakes
  2 unseen horrors
  A kobold demonologist (D:9)
  2 ice devils (IceCv)
  11 komodo dragons
  A golden dragon simulacrum (IceCv)
  7 anaconda simulacra (IceCv)
  17 freezing wraiths
  A queen bee (shapeshifter) (D:14)
  9 trolls
  14 polar bears
  A bloated husk (Swamp:1)
  5 tyrant leeches
  17 hornets
  23 blink frogs
  4 raiju (Lair:5)
  4 slime creatures (D:13)
  5 dream sheep (Lair:3)
  3 shadows
  8 wraiths
  2 dire elephant simulacra (IceCv)
  3 wyverns
  4 basilisks
  66 yaks
  A golden eye (shapeshifter) (D:15)
  8 vampire mosquitoes
  4 steam dragons
  2 minotaur simulacra (IceCv)
  11 wargs
  15 swamp worms
  Menkaure (D:6)
  2 harpy simulacra (IceCv)
  25 nagas
  Edmund (D:6)
  5 acid dragons
  11 water moccasins
  A hydra simulacrum (IceCv)
  11 hell hounds (Lair:5)
  A sky beast (D:8)
  4 swamp drakes
  28 orc warriors
  An ice beast (D:8)
  15 black bears
  3 alligator simulacra (IceCv)
  3 ettin simulacra (IceCv)
  7 centaurs
  28 wolves
  17 ogres
  A phantom (D:5)
  10 bullfrogs
  2 kobold brigands (D:8)
  A necrophage (D:6)
  2 deep troll simulacra (IceCv)
  5 scorpions
  A water moccasin zombie (Ossuary)
  4 wights (D:9)
  6 killer bees (D:8)
  A lindwurm simulacrum (IceCv)
  4 howler monkeys
  2 electric eels
  2 bullfrog zombies (Ossuary)
  A jelly (D:6)
  3 centaur zombies (Ossuary)
  A hound (D:7)
  A gnoll bouda (D:9)
  15 orc priests
  10 iguanas
  18 orc wizards
  A scorpion zombie (Ossuary)
  6 hell rats (Lair:1)
  13 gnolls
  14 adders
  An ufetubus (D:5)
  5 adder zombies (Ossuary)
  A worm (D:2)
  57 orcs
  5 ball pythons
  5 bats
  4 endoplasms
  A giant cockroach (D:4)
  A gnoll zombie (Ossuary)
  12 goblins
  4 hobgoblins
  4 jackals (D:2)
  6 quokkas
  3 frilled lizards
  A goblin zombie (Ossuary)
  9 hobgoblin zombies (Ossuary)
  12 kobolds
  5 orc zombies (Ossuary)
  9 rats
  59 fulminant prisms
1043 creatures vanquished.

Vanquished Creatures (collateral kills)
  Mlioglotl (Swamp:1)
  7 nagarajas (Snake:4)
  A deep elf death mage (Elf:1)
  16 dancing weapons
  An orc high priest (Elf:1)
  5 naga warriors
  5 naga sharpshooters
  A shock serpent (Snake:3)
  4 deep elf knights (Elf:1)
  A salamander mystic (Snake:4)
  6 sea snakes (Snake:4)
  5 deep elf archers
  15 deep elf pyromancers
  10 deep elf zephyrmancers
  3 mana vipers
  An orc sorcerer (Elf:1)
  4 salamanders
  A guardian serpent (Snake:4)
  4 nameless horrors
  8 naga magi
  6 black mambas
  A merfolk (shapeshifter) (Elf:1)
  An air elemental (Elf:1)
  A fire elemental (Elf:2)
  2 water elementals (Elf:1)
  11 nagas (Snake:4)
  3 earth elementals
  30 ball lightnings
154 creatures vanquished.

Vanquished Creatures (others)
  A deep elf demonologist (Elf:2)
  A deep elf annihilator (Elf:2)
  2 deep elf death magi (Elf:2)
  A salamander tyrant (Snake:3)
  An anaconda (Snake:3)
  A naga warrior (Snake:3)
  7 naga sharpshooters (Snake:3)
  9 deep elf knights
  2 naga ritualists
  5 deep elf zephyrmancers
  3 deep elf archers (Elf:2)
  11 salamanders
  6 deep elf pyromancers
  3 mana vipers
  A guardian serpent (Snake:4)
  A naga mage (Snake:3)
  7 black mambas (Snake:3)
  A water elemental (Elf:2)
  6 nagas
  2 orc warriors (Elf:2)
  An orc priest (Elf:2)
  An orc (Elf:2)
  914 ball lightnings
  3 bushes
  14 foxfires
  203 fulminant prisms
  36 fungi
  144 plants
1387 creatures vanquished.

Grand Total: 2584 creatures vanquished

Notes
Turn   | Place    | Note
-------+----------+-------------------------------------------
     0 | D:1      | Decritt the Djinni Conjurer began the quest for the Orb.
     0 | D:1      | Decritt set off with the following spells memorised: Magic
                  | Dart, Searing Ray, Dazzling Flash, Fulminant Prism,
                  | Iskenderun's Mystic Blast.
     0 | D:1      | Reached XP level 1. HP: 15/15 MP: 0/0
   262 | D:1      | Reached skill level 1 in Fighting
   262 | D:1      | Reached XP level 2. HP: 20/22 MP: 0/0
   946 | D:2      | Reached skill level 2 in Fighting
   946 | D:2      | Reached XP level 3. HP: 17/28 MP: 0/0
   946 | D:2      | Learned a level 1 spell: Beastly Appendage
  1082 | D:2      | Found a faded altar of an unknown god.
  1357 | D:2      | Reached XP level 4. HP: 27/34 MP: 0/0
  1489 | D:2      | Found Pott's Magic Scroll Shop.
  1543 | D:2      | Bought a scroll of identify for 28 gold pieces
  1543 | D:2      | Bought a scroll of identify for 28 gold pieces
  1842 | D:3      | Reached skill level 3 in Fighting
  1842 | D:3      | Reached XP level 5. HP: 35/40 MP: 0/0
  1842 | D:3      | Learned a level 2 spell: Ensorcelled Hibernation
  2478 | D:4      | Reached XP level 6. HP: 16/47 MP: 0/0
  2821 | D:4      | Found a sand-covered staircase.
  2825 | Ossuary  | Entered an ossuary
  3163 | Ossuary  | Reached skill level 4 in Fighting
  3555 | Ossuary  | Reached XP level 7. HP: 34/53 MP: 0/0
  3555 | Ossuary  | Learned a level 3 spell: Kindle Blastsparks
  3752 | Ossuary  | Reached skill level 5 in Fighting
  3914 | Ossuary  | Noticed a wraith
  3923 | Ossuary  | Killed a wraith
  4075 | Ossuary  | Noticed a silent spectre
  4119 | D:4      | Identified a scroll of acquirement
  4531 | D:4      | Reached XP level 8. HP: 57/61 MP: 0/0
  4808 | D:4      | Found a burning altar of Makhleb.
  4812 | D:4      | Became a worshipper of Makhleb the Destroyer
  4949 | D:5      | Entered Level 5 of the Dungeon
  4996 | D:5      | Reached skill level 6 in Fighting
  5235 | D:5      | Acquired the +3 broad axe of Okawaru's Respect {freeze,
                  | Will+ Dex+4}
  5236 | D:5      | Acquired the +1 buckler of Moral Flaws {Will+}
  5410 | D:5      | Reached skill level 5 in Dodging
  5849 | D:5      | Reached skill level 1 in Shields
  6350 | D:2      | Bought a scroll of teleportation for 42 gold pieces
  6350 | D:2      | Bought a scroll of teleportation for 42 gold pieces
  6350 | D:2      | Bought a scroll of blinking for 105 gold pieces
  6808 | D:6      | Noticed Menkaure
  6811 | D:6      | Killed Menkaure
  6812 | D:6      | Reached skill level 5 in Spellcasting
  6827 | D:6      | Reached skill level 7 in Fighting
  6827 | D:6      | Reached XP level 9. HP: 28/68 MP: 0/0
  6827 | D:6      | Learned a level 3 spell: Ozocubu's Armour
  6830 | D:6      | Reached * piety under Makhleb
  7287 | D:6      | Noticed Edmund
  7293 | D:6      | Killed Edmund
  7580 | D:7      | Reached skill level 8 in Fighting
  7877 | D:7      | You are sucked into a shaft and drop 3 floors!
  7877 | D:10     | Entered Level 10 of the Dungeon
  7899 | D:9      | Found Vaotoaps's Antique Armour Shoppe.
  7905 | D:9      | Found Jilist's Distillery.
  7915 | D:9      | Bought a potion of heal wounds for 65 gold pieces
  7915 | D:9      | Bought a potion of curing for 39 gold pieces
  7915 | D:9      | Bought a potion of curing for 39 gold pieces
  8216 | D:9      | Found Axyhetzu's Book Shop.
  8689 | D:7      | Reached XP level 10. HP: 63/77 MP: 0/0
  8994 | D:7      | Reached skill level 9 in Fighting
  9086 | D:7      | Noticed Stonecrops's ghost (novice GrGl)
  9172 | D:7      | Found a staircase to the Ecumenical Temple.
  9217 | D:7      | Noticed a moth of wrath
  9225 | D:7      | Found a transporter.
  9236 | D:7      | Found a transporter.
  9247 | D:7      | Found a bloodstained altar of Trog.
  9557 | D:8      | Found a runed translucent gate.
  9557 | D:8      | Found a runed translucent gate.
  9557 | D:8      | Found an opulent altar of Gozag.
  9557 | D:8      | Found a runed translucent gate.
  9557 | D:8      | Noticed a gargoyle
  9558 | D:8      | Noticed Voker57's ghost (novice DsGl)
  9558 | D:8      | Noticed a centaur warrior
  9577 | D:8      | Noticed Joseph
  9578 | D:8      | Reached skill level 1 in Armour
  9618 | D:8      | Killed Joseph
  9882 | D:8      | Reached ** piety under Makhleb
 10598 | D:9      | Found Ogosuumy's Armour Boutique.
 10610 | D:9      | Noticed a kobold demonologist
 10613 | D:9      | Killed a kobold demonologist
 10614 | D:9      | Reached skill level 5 in Shields
 10821 | D:9      | Noticed a two-headed ogre
 10826 | D:9      | Killed a two-headed ogre
 10827 | D:9      | Reached skill level 10 in Fighting
 11070 | D:9      | Reached XP level 11. HP: 62/85 MP: 0/0
 11070 | D:9      | Learned a level 4 spell: Summon Ice Beast
 11437 | D:9      | Found a staircase to the Lair.
 11439 | D:9      | Found Virroth's Magic Scroll Emporium.
 11447 | D:9      | Bought a scroll of blinking for 112 gold pieces
 11447 | D:9      | Bought a scroll of teleportation for 45 gold pieces
 11523 | D:9      | Found a staircase to the Orcish Mines.
 11936 | D:9      | Reached skill level 5 in Armour
 12913 | D:10     | Found an ornate altar of the Wu Jian Council.
 13173 | D:10     | Noticed a two-headed ogre
 13192 | D:10     | Killed a two-headed ogre
 13193 | D:10     | Reached skill level 11 in Fighting
 13318 | D:10     | Noticed a manticore
 13325 | D:10     | Killed a manticore
 13695 | D:11     | Noticed Gastronok
 13835 | Lair:1   | Entered Level 1 of the Lair of Beasts
 14047 | Lair:1   | Reached XP level 12. HP: 80/94 MP: 0/0
 14080 | Lair:1   | Reached *** piety under Makhleb
 14658 | Lair:1   | Reached skill level 12 in Fighting
 14911 | Lair:2   | Noticed Harold
 14919 | Lair:2   | Killed Harold
 15835 | Lair:2   | Found a staircase to the Swamp.
 16665 | Lair:3   | Noticed a death yak
 16668 | Lair:3   | Noticed a death yak
 16670 | Lair:3   | Noticed a death yak
 16726 | Lair:3   | Killed a death yak
 16727 | Lair:3   | Reached skill level 10 in Dodging
 16741 | Lair:2   | Killed a death yak
 16742 | Lair:2   | Reached XP level 13. HP: 38/102 MP: 0/0
 16742 | Lair:2   | Learned a level 5 spell: Blade Hands
 17224 | Lair:3   | Reached skill level 13 in Fighting
 17308 | Lair:3   | Reached **** piety under Makhleb
 17556 | Lair:3   | Found a staircase to the Snake Pit.
 17637 | Lair:3   | Found the +3 Elemental Staff {rElec rF++ rC++ AC+5}
 17787 | Lair:3   | Reached skill level 10 in Armour
 18458 | Lair:3   | Noticed a four-headed hydra
 18469 | Lair:3   | Killed a four-headed hydra
 18976 | Lair:4   | Noticed a six-headed hydra
 18989 | Lair:4   | Killed a six-headed hydra
 18990 | Lair:4   | Reached skill level 14 in Fighting
 19166 | Lair:4   | Reached ***** piety under Makhleb
 19309 | Lair:4   | Found a staircase to the Slime Pits.
 19309 | Lair:4   | Found a viscous altar of Jiyva.
 19333 | Lair:4   | Reached XP level 14. HP: 112/112 MP: 0/0
 20061 | Lair:5   | Entered Level 5 of the Lair of Beasts
 20089 | Lair:4   | Reached skill level 10 in Spellcasting
 20263 | Lair:5   | Reached skill level 15 in Fighting
 20633 | Lair:5   | Noticed Josephine
 20798 | Lair:5   | Killed Josephine
 21017 | Lair:5   | Reached skill level 16 in Fighting
 21500 | Lair:5   | Reached ****** piety under Makhleb
 21619 | Lair:5   | Reached XP level 15. HP: 103/122 MP: 0/0
 21619 | Lair:5   | Learned a level 6 spell: Conjure Ball Lightning
 23192 | D:9      | Bought a scroll of enchant armour for 112 gold pieces
 23192 | D:9      | Bought 2 scrolls of identify for 60 gold pieces
 23192 | D:9      | Bought a scroll of fog for 60 gold pieces
 23192 | D:9      | Bought a scroll of fear for 60 gold pieces
 23192 | D:9      | Bought a scroll of magic mapping for 112 gold pieces
 23192 | D:9      | Bought a scroll of magic mapping for 112 gold pieces
 23226 | D:9      | Bought a potion of cancellation for 104 gold pieces
 23273 | Orc:1    | Entered Level 1 of the Orcish Mines
 23479 | Orc:2    | Entered Level 2 of the Orcish Mines
 23479 | Orc:2    | Noticed an orc warlord
 23483 | Orc:2    | Reached skill level 17 in Fighting
 23483 | Orc:2    | Killed an orc warlord
 23563 | Orc:2    | Found a staircase to the Elven Halls.
 23616 | Orc:2    | Found Aneiwam's General Store.
 24181 | Orc:2    | Found Veracoi's Armour Shop.
 24181 | Orc:2    | Found Plog's Jewellery Shop.
 24182 | Orc:2    | Found Lenkapsium's Weapon Shoppe.
 24189 | Orc:2    | Found Feg Hewk's Antique Armour Shoppe.
 24231 | Orc:2    | Bought an embroidered scarf for 240 gold pieces
 25009 | Snake:1  | Entered Level 1 of the Snake Pit
 25584 | Swamp:1  | Entered Level 1 of the Swamp
 25603 | Swamp:1  | Reached skill level 1 in Invocations
 25704 | Lair:2   | Reached XP level 16. HP: 73/131 MP: 0/0
 25957 | D:11     | Found a transporter.
 26014 | D:11     | Found a transporter.
 26039 | D:11     | Found a transporter.
 26093 | D:11     | Found a transporter.
 26317 | D:11     | Killed Gastronok
 26502 | D:11     | Noticed Fannar
 26508 | D:11     | Killed Fannar
 27222 | D:12     | Noticed Olga's ghost (journeyman FeSu)
 27240 | D:12     | Found a runed translucent door.
 27251 | D:12     | Killed Olga's ghost
 27378 | D:12     | Identified the +5 chain mail "Istron" {rCorr Str+2 SInv}
 28067 | D:13     | Reached skill level 18 in Fighting
 28315 | D:12     | Upgraded the game from 0.30-a0-169-g06f667207d to
                  | 0.30-a0-170-g85af917532
 28562 | Orc:2    | Bought an amulet of reflection for 330 gold pieces
 28622 | Orc:2    | Bought a scroll of blinking for 120 gold pieces
 28622 | Orc:2    | Bought a scroll of teleportation for 48 gold pieces
 29024 | D:13     | Identified the +1 leather armour "Wibeukhy" {Rampage}
 29126 | D:13     | Found a gate to the Vaults.
 30199 | D:14     | Identified the +2 ring mail of Complete Protection {Will+
                  | Str+4 Int-5}
 30835 | D:15     | Entered Level 15 of the Dungeon
 30967 | D:15     | Found a frozen archway.
 30971 | IceCv    | Entered an ice cave
 31013 | IceCv    | Reached XP level 17. HP: 133/139 MP: 0/0
 31013 | IceCv    | Learned a level 7 spell: Haunt
 31509 | IceCv    | Reached skill level 5 in Invocations
 31701 | IceCv    | Noticed a lich
 31711 | IceCv    | Killed a lich
 32567 | D:15     | Found a staircase to the Depths.
 32869 | D:15     | Noticed Louise
 32893 | D:15     | Killed Louise
 32894 | D:15     | Reached skill level 19 in Fighting
 32996 | D:15     | Reached skill level 15 in Dodging
 35762 | Swamp:3  | Reached XP level 18. HP: 94/148 MP: 0/0
 36648 | Swamp:4  | Entered Level 4 of the Swamp
 36651 | Swamp:4  | Noticed Mlioglotl
 36658 | Swamp:4  | Noticed a bone dragon
 37671 | Swamp:4  | Noticed Aizul
 37674 | Swamp:4  | Killed Aizul
 37911 | Swamp:4  | Noticed a tentacled monstrosity
 37921 | Swamp:4  | Killed a tentacled monstrosity
 38085 | Swamp:4  | Got a decaying rune of Zot
 38686 | Snake:1  | Reached skill level 20 in Fighting
 41050 | Snake:3  | Reached XP level 19. HP: 115/156 MP: 0/0
 41050 | Snake:3  | Learned a level 7 spell: Spellforged Servitor
 41781 | Snake:3  | Acquired an amulet of regeneration
 42093 | Snake:3  | Found Fugh's Tremendous Tomes.
 42139 | Snake:3  | Identified the +3 leather armour of the Orb {-Tele rC+++
                  | Str+6 Dex+4}
 42302 | Snake:4  | Entered Level 4 of the Snake Pit
 43389 | Snake:4  | Got a serpentine rune of Zot
 44145 | Swamp:1  | Killed Mlioglotl
 44368 | Elf:1    | Entered Level 1 of the Elven Halls
 44618 | Elf:1    | Acquired a manual of Invocations
 44662 | Elf:1    | Paralysed by an air elemental for 1 turns
 44664 | Elf:1    | Paralysed by an air elemental for 1 turns
 44889 | Elf:1    | Reached XP level 20. HP: 133/164 MP: 0/0
 45863 | Elf:2    | Found Koret's Jewellery Shoppe.
 45890 | Elf:1    | Reached skill level 21 in Fighting
 47161 | Elf:2    | Reached skill level 10 in Invocations
 47284 | Elf:2    | Found a runed translucent gate.
 47284 | Elf:2    | Found a runed translucent gate.
 47284 | Elf:2    | Found a runed translucent gate.
 47548 | Elf:2    | Collided with a deep elf knight

Illustrated notes

Levels and vault maps discovered:
D:1:      dpeg_arrival_arbitrary_b, layout_basic
D:2:      layout_rooms, serial_shops, nicolae_shop_statue_plus,
          chequers_ecumenical_altar_island
D:3:      layout_rooms
D:4:      cheibrodos_greedy_goblins, layout_basic, mainiacjoe_overflow_alcove_4,
          lightli_ossuary_entry_decrepit_ruins
D:5:      layout_basic
D:6:      layout_basic, uniq_edmund, uniq_menkaure
D:7:      layout_basic, minmay_temple_entry_hall,
          gammafunk_ghost_wrathful_warriors, enter_bailey_3, minmay_manual_maat
D:8:      layout_loops_ring, ebering_ghost_gozag, uniq_joseph
D:9:      layout_basic, grunt_lair_entry_orc_guard_hut, david_orc_1_choice,
          serial_shops, shop, nicolae_diamond_shop, nicolae_shop_crystal,
          nicolae_take_the_stairs, shop
D:10:     layout_layer_cave, nicolae_wu_jian_immortal_techniques
D:11:     layout_irregular_city, nicolae_diode_intersection, uniq_fannar,
          uniq_gastronok
D:12:     layout_stronghold, hellmonk_ghost_happy_afterlife
D:13:     layout_gridville, david_vaults_5
D:14:     layout_roguey, minmay_misc_feat_more_columns
D:15:     grunt_enter_depths_snipers, layout_gridville,
          portal_ice_cave_entry_pillars_three, uniq_louise
Lair:1:   layout_gridlike, st_stairs_5, dreamdust_mushroom_princess
Lair:2:   layout_chaotic_city, nicolae_swamp_entry_splash_gauntlet, uniq_harold
Lair:3:   cheibrodos_lair_overgrown_chateau, layout_cave_pods,
          guppyfry_snake_entry_garden, chequers_serial_rivers_small_b,
          minmay_hedge_maze
Lair:4:   layout_regular_city, slime_entry_1, lemuel_fruit_tree
Lair:5:   hangedman_lair_caniforms_friends, layout_concentric_octagons,
          guppyfry_lair_end_dragon, uniq_josephine
Swamp:1:  layout_basic_swamp, hangedman_swamp_ruin_hall, swamp_pool1,
          infiniplex_staircase_pool_2
Swamp:2:  layout_falls_marsh, nicolae_swamp_triple_paths
Swamp:3:  layout_basic_swamp, evilmike_swamp_ruin_house_2, swamp_pool1,
          nicolae_swamp_little_tower
Swamp:4:  swamp_alternative, layout_basic_swamp, uniq_aizul, uniq_mlioglotl
Snake:1:  layout_basic
Snake:2:  layout_layer_cave, grunt_megastairs_2
Snake:3:  layout_rooms, nicolae_shop_i_like_big_books, grunt_ministairs_9,
          nicolae_snake_coiling_death
Snake:4:  grunt_snake_rune_pools, layout_cave_town, serial_bayou_shore_a
Orc:1:    layout_diamond_mine, serial_shops, mines2_lemuel
Orc:2:    st_orc_elflike, layout_caves, serial_shops, shop, nicolae_orc_rockfall
Elf:1:    minmay_elf_arrival_circle, layout_geoelf_grid,
          hangedman_corner_corridor
Elf:2:    nicolae_elf_blades_splatter_lattice [grunt_blade_entry_basic],
          layout_geoelf_grid, serial_shops, shop, basic_altar

Skill      XL: |  1  2  3  4  5  6  7  8  9 10 11 12 13 14 15 16 17 18 19 20 |
---------------+-------------------------------------------------------------+-----
Fighting       | 1 2 3 4 5 7 8 10 11 12 14 16 17 18 19 20 21 | 21.1
Dodging        | 3 4 5 6 7 9 10 11 12 13 14 15 16 18 | 18.2
Spellcasting   | 4 5 6 7 8 9 10 11 12 13 14 | 14.4
Shields        | 2 4 5 6 7 |  7.6
Armour         | 4 7 9 10 | 10.1
Invocations    | 1 4 6 7 9 10 | 10.2
Stealth        | |  1.5

Action                   |  1- 3 |  4- 6 |  7- 9 | 10-12 | 13-15 | 16-18 | 19-21 || total
-------------------------+-------+-------+-------+-------+-------+-------+-------++-------
Melee: Unarmed           |     7 |     1 |       |       |    12 |       |       ||    20
       Broad axe         |       |       |    23 |       |       |       |       ||    23
       Staff             |       |       |       |     8 |    20 |       |     4 ||    32
       Punch             |       |       |       |       |     1 |       |       ||     1
 Cast: Magic Dart        |    57 |   123 |   110 |   100 |    43 |       |       ||   433
       Beastly Appendage |     1 |       |       |       |       |       |       ||     1
       Searing Ray       |       |     2 |    23 |   103 |   451 |   100 |     5 ||   684
       Fulminant Prism   |       |     2 |    34 |   144 |    68 |    13 |     2 ||   263
       Kindle Blastspark |       |       |       |     3 |    56 |    45 |       ||   104
       Dazzling Flash    |       |       |       |     1 |     1 |       |       ||     2
       Blade Hands       |       |       |       |       |     1 |       |       ||     1
       Iskenderun's Myst |       |       |       |       |     1 |     1 |       ||     2
       Conjure Ball Ligh |       |       |       |       |    81 |   238 |    31 ||   350
       Haunt             |       |       |       |       |       |     4 |   219 ||   223
       Spellforged Servi |       |       |       |       |       |       |    20 ||    20
Invok: Minor Destruction |       |       |       |       |    26 |    17 |       ||    43
       Lesser Servant of |       |       |       |       |       |       |     1 ||     1
Evoke: Wand              |       |       |       |       |       |     1 |       ||     1
  Use: Scroll            |       |     7 |     6 |    10 |    10 |    13 |     8 ||    54
       Potion            |       |       |       |       |     2 |     8 |     3 ||    13
Armor: Robe              |     3 |    10 |    18 |       |       |       |       ||    31
       Steam dragon scal |       |       |     4 |     9 |       |       |       ||    13
       Troll leather arm |       |       |       |    21 |   182 |   119 |    97 ||   419
Dodge: Dodged            |     9 |    39 |   111 |   196 |   792 |   302 |   227 ||  1676
Block: Buckler           |       |       |    23 |    74 |   222 |   209 |   167 ||   695
       Reflection        |       |       |       |       |       |    19 |    27 ||    46

Table legend: (Time is in decaauts)
 A = Elapsed time spent in this place.
 B = Non-inter-level travel time spent in this place.
 C = Inter-level travel time spent in this place.
 D = Time resting spent in this place.
 E = Time spent auto-exploring this place.
 F = Levels seen in this place.
 G = Mean time per level.
                   A        B        C        D        E       F      G
               +--------+--------+--------+--------+--------+-----+--------+
         Total |  47758 |  44814 |   2944 |  15821 |  18520 |  34 | 1404.6 |
       Dungeon |  19260 |  17993 |   1267 |   5517 |   9303 |  15 | 1284.0 |
          Lair |  10381 |   9679 |    702 |   3731 |   3416 |   5 | 2076.2 |
         Swamp |   4394 |   4227 |    167 |   1895 |   1294 |   4 | 1098.5 |
     Snake Pit |   5688 |   5477 |    211 |   1505 |   2606 |   4 | 1422.0 |
  Orcish Mines |   2185 |   1652 |    533 |    281 |    873 |   2 | 1092.5 |
   Elven Halls |   3113 |   3050 |     63 |   1140 |    897 |   2 | 1556.5 |
       Ossuary |   1301 |   1301 |      0 |   1030 |      0 |   1 | 1301.0 |
      Ice Cave |   1434 |   1434 |      0 |    721 |    131 |   1 | 1434.0 |
               +--------+--------+--------+--------+--------+-----+--------+

Top non-repeatable levels by time:
     D:9: 2508 daAuts
  Lair:5: 2484 daAuts
  Lair:2: 2258 daAuts
  Lair:3: 2225 daAuts
 Snake:2: 2147 daAuts
   Elf:1: 1964 daAuts
 Swamp:3: 1918 daAuts
  Lair:4: 1848 daAuts
    D:15: 1645 daAuts
  Lair:1: 1563 daAuts
   Orc:2: 1560 daAuts
    D:10: 1523 daAuts
     D:6: 1518 daAuts
     D:8: 1505 daAuts
   IceCv: 1434 daAuts
